 Dungeon Crawl Stone Soup version 0.31-a0-177-g4aa6249778 (webtiles) character file.

Game seed: 16808441738081287831

57 qw the Shooter (level 4, -3/39 HPs)
             Began as a Naga Hunter on June 18, 2023.
             Slain by a goblin
             ... wielding a +0 club
             ... led by Robin
              (4 damage)
             ... on level 2 of the Dungeon.
             The game lasted 00:00:18 (609 turns).

qw the Shooter (Naga Hunter)                         Turns: 609, Time: 00:00:18

Health: -3/39      AC:  2    Str: 14    XL:     4   Next: 0%
Magic:  4/4        EV:  9    Int:  9    God:
Gold:   57         SH:  0    Dex: 16    Spells: 3/3 levels left

rFire   . . .        Y - +0 shortbow
rCold   . . .        (shield currently unavailable)
rNeg    . . .        c - +0 leather armour
rPois   +            (no helmet)
rElec   .            (no cloak)
rCorr   .            (no gloves)
SInv    +            (no barding)
Will    .....        (no amulet)
Stlth   ++           (no ring)
HPRegen 0.26/turn    (no ring)
MPRegen 0.09/turn

%: no passive effects
@: short of breath, very slow
A: AC +1, large, see invisible, deformed body, poison resistance, slowness 2,
spit poison 1, naga tail 1
a: Spit Poison


You were on level 2 of the Dungeon.
You visited 1 branch of the dungeon, and saw 2 of its levels.

You collected 57 gold pieces.


Innate Abilities, Weirdness & Mutations

Your serpentine skin is tough. (AC +1)
You have supernaturally acute eyesight. (SInv)
Armour fits poorly on your strangely shaped body.
Your system is resistant to poisons. (rPois)
You cover ground very slowly.
You can spit poison.
You have a snake-like lower body.


   Skills:
 + Level 2.0 Fighting
 - Level 5.0 Ranged Weapons
 - Level 1.5 Dodging
 - Level 1.5 Stealth


You had 3 spell levels left.
You didn't know any spells.
Your spell library was empty.

Inventory:

Hand Weapons
 Y - a +0 shortbow (weapon)
Armour
 c - a +0 leather armour (worn)
Potions
 d - a potion of curing {unknown}

Dungeon Overview and Level Annotations

Branches:
Dungeon (2/15)

Altars:

Annotations:
D:2 Robin


Message History

You kill the hobgoblin!
You have got your breath back.
The goblin barely misses you. Robin throws the goblin at you!
The goblin closely misses you.
604 ||| INVOKING Spit Poison.
Aiming: Spit Poison (2% risk of failure)
Press: ? - help, Shift-Dir - straight line, f - goblin The splash of poison misses the goblin.
The goblin hits you with a +0 dagger. The goblin hits you with a +0 club.
You shoot an arrow. The arrow hits the hobgoblin.
The hobgoblin is severely wounded.
The goblin hits you with a +0 dagger. The goblin hits you with a +0 club.
You shoot an arrow.
The arrow hits the hobgoblin but does no damage.
The hobgoblin is severely wounded.
The goblin hits you but does no damage.
The hobgoblin hits you but does no damage.
The goblin hits you with a +0 club. The goblin barely misses you.
You shoot an arrow. The arrow hits the hobgoblin.
You kill the hobgoblin!
You have got your breath back.
Robin roars a battlecry!
The goblins go into a battle-frenzy!
The goblin barely misses you. The goblin hits you but does no damage.
The goblin barely misses you. The goblin hits you but does no damage.
The goblin hits you with a +0 dagger.
Your Ranged Weapons skill increases to level 5!
You have reached level 4!
You feel stronger.
608 ||| INVOKING Spit Poison.
Aiming: Spit Poison (1% risk of failure)
Press: ? - help, Shift-Dir - straight line, f - goblin The splash of poison misses the goblin.
A goblin comes into view. It is wielding a +0 dagger.
The goblin hits you with a +0 dagger. The goblin hits you with a +0 club. x2
You shoot an arrow. The arrow closely misses the goblin.
The arrow hits the goblin.
The goblin is moderately wounded.
The goblin hits you with a +0 dagger. The hobgoblin hits you.
The goblin hits you with a +0 club.
You die...

.. #### #) #<.# .?
##.# ) # #.# g#
#.##.######.# #
:#........ggg#..#.
............@g....#.
.#######...g#####.#.
##.........#
#.###..##.. #.#
#.... #.# #.... #.#
..<. #.# ... #. ..


You could see Robin, a hobgoblin (strong) and 4 goblins.

Vanquished Creatures
  Natasha (D:2)
  4 endoplasms (D:1)
  2 giant cockroaches
  4 hobgoblins
  3 kobolds (D:1)
  A ball python (D:1)
  6 bats (D:1)
  6 goblins
  2 rats (D:1)
29 creatures vanquished.

Notes
Turn   | Place    | Note
-------+----------+-------------------------------------------
     0 | D:1      | qw the Naga Hunter began the quest for the Orb.
     0 | D:1      | Reached XP level 1. HP: 19/19 MP: 1/1
     0 | D:1      | 0 ||| qw: Version: 0.3-a-5-g6f28e65
     0 | D:1      | 0 ||| qw: Game counter: 552
     0 | D:1      | 0 ||| qw: Always use a shield: true
     0 | D:1      | 0 ||| qw: God list: Okawaru
     0 | D:1      | 0 ||| qw: Allow faded altars: false
     0 | D:1      | 0 ||| qw: Do Orc after D:15 true
     0 | D:1      | 0 ||| qw: Do second Lair branch before Depths: true
     0 | D:1      | 0 ||| qw: Lair rune preference: random
     0 | D:1      | 0 ||| qw: Plans: Normal
     0 | D:1      | 0 ||| PLANNING D:1-11
    29 | D:1      | 29 ||| INVOKING Spit Poison.
    63 | D:1      | 63 ||| INVOKING Spit Poison.
    66 | D:1      | 66 ||| INVOKING Spit Poison.
   132 | D:1      | Reached skill level 4 in Ranged Weapons
   132 | D:1      | Reached XP level 2. HP: 26/26 MP: 2/2
   142 | D:1      | 142 ||| INVOKING Spit Poison.
   154 | D:1      | 154 ||| INVOKING Spit Poison.
   173 | D:1      | 173 ||| INVOKING Spit Poison.
   229 | D:1      | 229 ||| INVOKING Spit Poison.
   234 | D:1      | 234 ||| INVOKING Spit Poison.
   256 | D:1      | 256 ||| INVOKING Spit Poison.
   422 | D:1      | 422 ||| INVOKING Spit Poison.
   460 | D:1      | 460 ||| READING scroll labelled PABOIRPH VOCZO.
   461 | D:1      | 461 ||| READING scroll labelled CUUSEMEJIFF.
   462 | D:1      | 462 ||| READING scroll labelled BAONWO TIJOAF.
   463 | D:1      | 463 ||| DROPPING scroll of butterflies.
   505 | D:2      | Noticed Natasha
   506 | D:2      | 506 ||| INVOKING Spit Poison.
   509 | D:2      | 509 ||| INVOKING Spit Poison.
   512 | D:2      | Killed Natasha
   513 | D:2      | Reached XP level 3. HP: 14/32 MP: 3/3
   513 | D:2      | 513 ||| FLEEEEING.
   516 | D:2      | 516 ||| STAIRDANCE
   595 | D:2      | Noticed Robin
   598 | D:2      | 598 ||| INVOKING Spit Poison.
   601 | D:2      | 601 ||| INVOKING Spit Poison.
   604 | D:2      | 604 ||| INVOKING Spit Poison.
   608 | D:2      | Reached skill level 5 in Ranged Weapons
   608 | D:2      | Reached XP level 4. HP: 14/39 MP: 4/4
   608 | D:2      | 608 ||| INVOKING Spit Poison.
   608 | D:2      | HP: 9/39 [goblin/+0 club[Robin] (3)]
   609 | D:2      | HP: 3/39 [goblin/+0 dagger[Robin] (6)]
   609 | D:2      | HP: 1/39 [hobgoblin[Robin] (2)]
   609 | D:2      | Slain by a goblin

Levels and vault maps discovered:
D:1:      sevenhm_arrival_forest_fort_large_4, layout_rooms
D:2:      layout_basic, nicolae_ecumenical_oubliette,
          chequers_hall_statues_corner_a, uniq_robin, uniq_natasha

Skill      XL: |  1  2  3 |
---------------+----------+-----
Ranged Weapons | 4 5 |  5.0
Fighting       | |  2.0
Dodging        | |  1.5
Stealth        | |  1.5

Action                     |  1- 3 |  4- 6 || total
---------------------------+-------+-------++-------
   Fire: Shortbow          |    53 |     1 ||    54
Ability: Spit Poison       |    15 |     1 ||    16
    Use: Scroll            |     3 |       ||     3
 Armour: Leather armour    |    10 |       ||    10
  Dodge: Dodged            |    20 |       ||    20

Table legend:
 A = Non-vault XP
 B = Vault XP
 C = Vault XP percentage of total XP
 D = Non-vault monster count
 E = Vault monster count
 F = Vault count percentage of total count
                 A         B        C        D         E       F
            +---------+---------+-------+---------+---------+-------
      Total |      35 |      47 |  57.3 |      22 |       7 |  24.1
            +---------+---------+-------+---------+---------+-------
        D:1 |      33 |       0 |   0.0 |      21 |       0 |   0.0
        D:2 |       2 |      47 |  95.9 |       1 |       7 |  87.5
            +---------+---------+-------+---------+---------+-------
